 Dungeon Crawl Stone Soup version 0.29.1-1-gd02db6906a (webtiles) character file.

Game seed: 7463932678062091610

2 MushR00m the Grave Robber (level 1, 0/13 HPs)
             Began as a Human Necromancer on Sept 20, 2022.
             Slain by a jackal (3 damage)
             ... on level 1 of the Dungeon.
             The game lasted 00:03:10 (163 turns).

MushR00m the Grave Robber (Human Necromancer)        Turns: 163, Time: 00:03:11

Health: 0/13       AC:  2    Str:  8    XL:     1   Next: 33%
Magic:  3/3        EV: 12    Int: 15    God:
Gold:   19         SH:  0    Dex: 13    Spells: 3/4 levels left

rFire   . . .      SeeInvis .   e - staff of death
rCold   . . .      Faith    .   (no shield)
rNeg    + . .      Spirit   .   a - +0 robe
rPois   .          Reflect  .   (no helmet)
rElec   .          Harm     .   (no cloak)
rCorr   .          Rampage  .   (no gloves)
Will    .....                   (no boots)
Stlth   ++........              (no amulet)
HPRegen 0.04/turn               (no ring)
MPRegen 0.08/turn               (no ring)

@: no status effects
A: no striking features
a: no special abilities


You were on level 1 of the Dungeon.
You visited 1 branch of the dungeon, and saw 1 of its levels.

You collected 19 gold pieces.

Inventory:

Missiles
 k - 6 stones
Armour
 a - a +0 robe (worn)
 g - a +1 ring mail of cold resistance
 i - a +0 helmet
Magical Staves
 e - a staff of death (weapon)
 j - a staff of fire
Jewellery
 h - a ring of fire
Scrolls
 f - a scroll of identify {unknown}
Potions
 b - a potion of magic
 c - a potion of degeneration {unknown}
 d - a potion of cancellation {unknown}


   Skills:
 + Level 2.0 Dodging
 + Level 2.0 Stealth
 + Level 2.0 Spellcasting
 + Level 4.0 Necromancy


You had 3 spell levels left.
You knew the following spells:

 Your Spells              Type           Power      Damage    Failure   Level
a - Necrotise             Necr           80%        1d8       4%          1

Your spell library contained the following spells:

 Spells                   Type           Power      Damage    Failure   Level
 Vampiric Draining        Necr           20%        2d7       13%         3
 Animate Dead             Necr           20%        N/A       38%         4
 Agony                    Necr           20%        N/A       75%         5


Dungeon Overview and Level Annotations

Branches:
Dungeon (1/15)

Altars:


Message History

The jackal barks! x2
A jackal comes into view. x2
You see here 6 stones.
k - 6 stones The jackal barks!
You hit the jackal.
The jackal is heavily wounded.
You hear an angry hiss.
The jackal closely misses you.
The jackal bites you but does no damage.
You closely miss the jackal.
The jackal is heavily wounded.
The jackal barely misses you. x2; The jackal bites you.
You hit the jackal.
The jackal is almost dead.
The jackal bites you. The jackal barely misses you.
You closely miss the jackal.
The jackal is almost dead.
The jackal barely misses you. x2; The jackal closely misses you.
The jackal bites you.
A frilled lizard comes into view.
You closely miss the jackal.
The jackal bites you but does no damage. x2
The jackal closely misses you. The jackal bites you.
The jackal closely misses you. The jackal attacks as you move away!
The jackal closely misses you. The jackal attacks as you move away!
The jackal closely misses you.
The jackal bites you but does no damage.
The jackal attacks as you move away! The jackal barely misses you.
The jackal barely misses you. The jackal attacks as you move away!
The jackal barely misses you. The jackal attacks as you move away!
The jackal bites you but does no damage.
The jackal attacks as you move away!
The jackal bites you but does no damage.
The jackal bites you. The jackal attacks as you move away!
The jackal bites you.
* * * LOW HITPOINT WARNING * * *
The jackal attacks as you move away! The jackal bites you.
You die...

.# ### #.#.# .....
8.⌠####.. #.#.##..... .
..#.....###..........
..###...#...............
........................
........................
.........h..............
..........h..............
........@h...............
.........h...............
.........................
....................###..
....................##...
..................†.#....
......†..................
#......##...[...........~
####### ##.............~~


You could see 4 jackals.

Vanquished Creatures
  2 ball pythons (D:1)
2 creatures vanquished.

Notes
Turn   | Place    | Note
-------+----------+-------------------------------------------
     0 | D:1      | MushR00m the Human Necromancer began the quest for the Orb.
     0 | D:1      | Reached XP level 1. HP: 13/13 MP: 3/3
   163 | D:1      | Slain by a jackal

Illustrated notes

Levels and vault maps discovered:
D:1:      onia_arrival_pyramid, layout_rooms, shapermc_ecumenical_altar_venn,
          dk_noncrumbling_2

Action                   || total
-------------------------++-------
Melee: Staff             ||    12
Armor: Robe              ||     7
Dodge: Dodged            ||    21
